 Dungeon Crawl Stone Soup version 0.29.1-1-gd02db69 (webtiles) character file.

Game seed: 11452516905518751996

64 trojandonkey the Ducker (level 3, -3/28 HPs)
             Began as a Demonspawn Gladiator on Nov 7, 2022.
             Slain by a gnoll
             ... wielding a +0 flail
              (5 damage)
             ... on level 3 of the Dungeon.
             The game lasted 00:03:55 (1328 turns).

trojandonkey the Ducker (Demonspawn Gladiator)      Turns: 1328, Time: 00:03:55

Health: -3/28      AC:  6    Str: 14    XL:     3   Next: 91%
Magic:  3/3        EV: 11    Int: 11    God:
Gold:   75         SH:  4    Dex: 14    Spells: 2/2 levels left

rFire   . . .      SeeInvis .   a - +0 flail
rCold   . . .      Faith    .   l - +0 buckler
rNeg    . . .      Spirit   .   f - +0 ring mail
rPois   .          Reflect  .   c - +0 helmet
rElec   .          Harm     .   (no cloak)
rCorr   .          Rampage  .   (no gloves)
Will    .....                   (no boots)
Stlth   +.........              (no amulet)
HPRegen 0.09/turn               (no ring)
MPRegen 0.08/turn               (no ring)

@: no status effects
A: spiny 1, weakness stinger 1
a: no special abilities


You were on level 3 of the Dungeon.
You visited 1 branch of the dungeon, and saw 3 of its levels.

You collected 75 gold pieces.

Inventory:

Hand Weapons
 a - a +0 flail (weapon)
Missiles
 d - 3 throwing nets (quivered)
 e - a javelin
Armour
 c - a +0 helmet (worn)
 f - a +0 ring mail (worn)
 j - an orb of guile
 l - a +0 buckler (worn)
Jewellery
 p - a ring of fire
Scrolls
 b - a scroll of enchant weapon {unknown}
 k - a scroll of identify {unknown}
 o - a scroll of teleportation {unknown}
Potions
 g - 2 potions of might {unknown}
 h - a potion of degeneration {unknown}
 i - a potion of haste {unknown}
 m - a potion of brilliance {unknown}
 n - 2 potions of berserk rage {unknown}


   Skills:
 + Level 2.5 Fighting
 + Level 3.1 Maces & Flails
 + Level 2.4 Throwing
 + Level 3.1 Dodging
 + Level 0.9 Shields


You had 2 spell levels left.
You didn't know any spells.
Your spell library contained the following spells:

 Spells                   Type           Power      Damage    Failure   Level
 Apportation              Tloc           0%         N/A       69%         1
 Necrotise                Necr           0%         1d4       69%         1
 Summon Small Mammal      Summ           0%         N/A       69%         1
 Vampiric Draining        Necr           0%         2d6       96%         3
 Agony                    Necr           0%         N/A       100%        5


Dungeon Overview and Level Annotations

Branches:
Dungeon (3/15)

Altars:


Innate Abilities, Weirdness & Mutations

You are partially covered in sharp spines.
You have a small tail.


Message History

You pick up a book of Necromancy and begin reading...
You add the spells Vampiric Draining and Agony to your library.
You see here a dart slug corpse.
HP restored.
You now have 75 gold pieces (gained 15).
You see here a frilled lizard corpse.
You open the door. 2 gnolls come into view.
The gnoll shouts! x2; You hear a shout! x2
A gnoll comes into view. It is wielding a +0 whip.
You hear an angry hiss.
The gnoll misses you.
There is an open door here.
You barely miss the gnoll. The gnoll barely misses you.
You hit the gnoll.
The gnoll is moderately wounded.
You sock the gnoll!
The gnoll is severely wounded.
The gnoll is struck by your spines. The gnoll hits you with a +0 whip.
You thump the gnoll!
You kill the gnoll!
A gnoll comes into view. It is wielding a +0 whip.
You hit the gnoll but do no damage. You tail-slap the gnoll.
The gnoll is moderately wounded.
The gnoll is struck by your spines. The gnoll misses you.
The gnoll hits you from afar with a +0 spear.
You barely miss the gnoll.
The gnoll is moderately wounded.
The gnoll hits you with a +0 flail! The gnoll closely misses you.
You hit the gnoll.
The gnoll is severely wounded.
The gnoll closely misses you.
The gnoll hits you from afar with a +0 spear.
* * * LOW HITPOINT WARNING * * *
The gnoll is struck by your spines. The gnoll closely misses you.
The gnoll hits you from afar with a +0 spear.
* * * LOW HITPOINT WARNING * * *
There is a stone staircase leading up here.
The gnoll hits you with a +0 flail.
You die...

### #.. #g#
#)#
######g#####
#....g.....#
#....@....<#
#..........#
#.....†....#
#..........#
#......†...#
#..........#
#....<...>.#
#..........#
############


You could see 3 gnolls.

Vanquished Creatures
  A gnoll (D:3)
  2 adders (D:2)
  2 dart slugs
  3 endoplasms (D:1)
  2 giant cockroaches
  3 goblins
  3 hobgoblins
  3 jackals (D:1)
  3 quokkas
  3 frilled lizards
  5 kobolds
30 creatures vanquished.

Notes
Turn   | Place    | Note
-------+----------+-------------------------------------------
     0 | D:1      | trojandonkey the Demonspawn Gladiator began the quest for
                  | the Orb.
     0 | D:1      | Reached XP level 1. HP: 16/16 MP: 1/1
   347 | D:1      | Gained mutation: You are partially covered in sharp spines.
                  | [demonic ancestry]
   347 | D:1      | Reached XP level 2. HP: 22/22 MP: 2/2
   515 | D:1      | Found a faded altar of an unknown god.
   944 | D:2      | Gained mutation: You have a small tail. [demonic ancestry]
   944 | D:2      | Reached XP level 3. HP: 28/28 MP: 3/3
  1325 | D:3      | HP: 1/28 [gnoll/+0 spear (5)]
  1328 | D:3      | Slain by a gnoll

Illustrated notes

Levels and vault maps discovered:
D:1:      nzn_arrival_settlement, layout_basic,
          ebering_ecumenical_altar_petrified
D:2:      layout_rooms, minmay_fountain_box
D:3:      minmay_evil_eye, layout_basic, uniq_crazy_yiuf_cottage

Skill      XL: |  1  2 |
---------------+-------+-----
Throwing       | 2 |  2.4
Dodging        | 3 |  3.1
Maces & Flails | 3 |  3.1
Fighting       | |  2.5
Shields        | |  0.9

Action                   || total
-------------------------++-------
Melee: Flail             ||    64
       Tailslap          ||     2
Armor: Ring mail         ||    24
       Leather armour    ||     2
Dodge: Dodged            ||    35
Block: Buckler           ||     2
